 Dungeon Crawl Stone Soup version 0.19-a0-1326-gee3fcf6 (webtiles) character file.

6178 Jivvin the Grappler (level 10, -4/102 HPs)
             Began as a Troll Monk on Aug 31, 2016.
             Was a High Priest of Okawaru.
             Slain by a killer bee (7 damage)
             ... on level 10 of the Dungeon.
             The game lasted 00:12:44 (7882 turns).

Jivvin the Grappler (Troll Monk)                    Turns: 7882, Time: 00:12:45

Health: -4/102     AC:  7    Str: 22    XL:     10   Next: 60%
Magic:  9/9        EV: 14    Int:  6    God:    Okawaru [*****.]
Gold:   947        SH:  0    Dex: 14    Spells: 0 memorised, 9 levels left

rFire  . . .     SeeInvis +       - Unarmed
rCold  . . .     Gourm    +     a - +0 robe
rNeg   . . .     Faith    .     (no shield)
rPois  .         Spirit   .     q - +2 hat
rElec  .         Dismiss  .     (no cloak)
rCorr  .         Reflect  .     (gloves unavailable)
MR     .....     Harm     .     (boots unavailable)
Stlth  ++........               (no amulet)
                                l - ring of see invisible
                                n - ring of flight

@: lethally poisoned (-4 -> -4), very slightly contaminated
A: unfitting armour, claws 3, fast metabolism 3, gourmand, regeneration 1,
shaggy fur 1, tough skin 2
a: Heroism, Finesse, Renounce Religion, Evoke Flight


You were on level 10 of the Dungeon.
You worshipped Okawaru.
Okawaru was extremely pleased with you.
You were not hungry.

You visited 3 branches of the dungeon, and saw 12 of its levels.
You also visited: Sewer and Bailey.

You collected 1071 gold pieces.
You spent 124 gold pieces at shops.

Inventory:

Armour
 a - a +0 robe (worn)
 q - a +2 hat (worn)
Jewellery
 l - a ring of see invisible (right claw)
 n - a ring of flight (left claw)
 v - a +5 ring of intelligence
Wands
 t - a wand of iceblast (10/15)
 y - a wand of polymorph (17/24)
 z - a wand of random effects (22/48)
Scrolls
 b - a scroll of recharging
 c - a scroll of blinking
 e - 7 scrolls of remove curse
 f - a scroll of identify
 j - 2 scrolls of torment
 m - a scroll of noise
 o - a scroll of magic mapping
 r - 2 scrolls of fog
 u - a scroll of immolation
 w - 3 scrolls of amnesia
 C - a scroll of enchant weapon
Potions
 d - 2 potions of lignification
 p - 3 potions of resistance
 s - a potion of agility
Comestibles
 g - 2 beef jerkies
 h - 2 meat rations
 k - a royal jelly


   Skills:
 + Level 7.1 Fighting
 + Level 7.1 Dodging
 - Level 1.1 Stealth
 * Level 11.7 Unarmed Combat


You had 9 spell levels left.
You didn't know any spells.

Dungeon Overview and Level Annotations

Branches:
Dungeon (10/15)            Temple (1/1) D:5            Lair (1/6) D:8
    Orc: D:9-12

Altars:
Cheibriados
Dithmenos
Elyvilon
Fedhas
Gozag
Kikubaaqudgha
Makhleb
Nemelex Xobeh
Okawaru
Qazlal
Ru
Trog
Uskayaw
Vehumet
Xom
Yredelemnul
Zin
The Shining One

Shops:
D:4 }=[


Innate Abilities, Weirdness & Mutations

You are too large for most types of armour.
You have claws for hands.
Your metabolism is lightning-fast.
You like to eat raw meat.
Your natural rate of healing is unusually fast.
You are covered in fur. (AC +1)
You have very tough skin. (AC +2)


Message History

You catch the helpless yak completely off-guard!
You mangle the yak!!
The yak is heavily wounded.
The yak bellows!
The yak gores you!
* * * LOW HITPOINT WARNING * * *
You feel sick. The killer bee barely misses you.
The killer bee stings you but does no damage.
The killer bee completely misses you.
The killer bee stings you but does no damage.
You feel sick. The killer bee stings you.
* * * LOW HITPOINT WARNING * * *
You see here a broad axe.
You scratch the killer bee.
The killer bee is moderately wounded.
The killer bee barely misses you.
You claw the killer bee!
The killer bee is almost dead.
The killer bee stings you!
You die...

#..#.#....
#.......Y. #Yy#.#.#
#yy.y..# #Y##.#.#
#Y##.#.# #Y##.#.#
#y##y#$# #@##y#.#
#.##y#.#####.##
#.##.###.#...y.####
#.##..#...#.#
#...#.##..##y#
####..##.## #.#


You could see 4 yaks and 4 killer bees.

Vanquished Creatures
  A hill giant (D:9)
  3 blink frogs (D:8)
  2 yaks (D:8)
  Eustachio (D:6)
  A hungry ghost (D:8)
  A hippogriff (D:10)
  2 water moccasins
  3 sky beasts
  3 ice beasts
  7 orc warriors
  A black bear (D:6)
  A wasp (D:8)
  3 ogres
  A necrophage (D:6)
  The ghost of HobsGoblin the Insei, an amateur DgTm (D:4)
  A centaur (D:6)
  3 big kobolds
  Blork the orc (D:6)
  2 giant frogs
  A water moccasin zombie (D:7)
  A scorpion (D:8)
  4 killer bees (D:7)
  3 howler monkeys (D:7)
  A crimson imp (D:8)
  2 centaur skeletons (D:8)
  3 hounds
  A giant frog skeleton (D:5)
  5 orc priests
  3 iguanas
  11 orc wizards
  6 worker ants
  A hound skeleton (D:6)
  A howler monkey zombie (D:5)
  8 gnolls
  2 howler monkey skeletons
  22 adders
  A shadow imp (D:5)
  11 oozes
  3 worms
  5 dart slugs
  12 giant geckos
  38 orcs
  7 bats
  13 giant cockroaches
  11 goblins
  9 hobgoblins
  9 jackals
  5 quokkas
  11 ball pythons
  3 giant gecko skeletons
  17 giant newts
  2 jackal skeletons (D:4)
  19 kobolds
  2 quokka zombies (D:5)
  6 rats
  A fungus (D:7)
298 creatures vanquished.

Vanquished Creatures (others)
  An orc wizard (D:7)
1 creature vanquished.

Grand Total: 299 creatures vanquished

Notes
Turn   | Place    | Note
-------+----------+-------------------------------------------
     0 | D:1      | Jivvin the Troll Monk began the quest for the Orb.
     0 | D:1      | Reached XP level 1. HP: 22/22 MP: 0/0
     6 | D:1      | Noticed a rime drake
     6 | D:1      | Noticed a lindwurm
     6 | D:1      | Noticed an iguana
     7 | D:1      | Noticed a salamander
    96 | D:1      | Reached XP level 2. HP: 28/29 MP: 1/1
   492 | D:2      | Found a blossoming altar of Fedhas.
   669 | D:2      | Reached XP level 3. HP: 36/36 MP: 2/2
   814 | D:3      | Reached skill level 4 in Unarmed Combat
   908 | D:3      | Found a burning altar of Makhleb.
   919 | D:3      | Reached XP level 4. HP: 24/45 MP: 3/3
   978 | D:3      | Reached XP level 5. HP: 34/53 MP: 4/4
  1098 | D:2      | Reached skill level 5 in Unarmed Combat
  1151 | D:2      | Found a glowing golden altar of the Shining One.
  1151 | D:2      | Found an ancient bone altar of Kikubaaqudgha.
  1823 | D:3      | Reached XP level 6. HP: 55/61 MP: 5/5
  2048 | D:4      | Found Xamejeuk's Gadget Boutique.
  2099 | D:4      | Found Emihaim's Antique Armour Shop.
  2446 | D:4      | Bought a glowing hat for 124 gold pieces
  2633 | D:4      | Found a hide-covered altar of Uskayaw.
  2663 | D:4      | Found Ytunnamegi's Jewellery Shop.
  2820 | D:4      | Reached skill level 6 in Unarmed Combat
  3030 | D:4      | Noticed HobsGoblin's ghost (amateur DgTm)
  3034 | D:4      | Killed HobsGoblin's ghost
  3034 | D:4      | Reached XP level 7. HP: 70/70 MP: 6/6
  3130 | D:5      | Entered Level 5 of the Dungeon
  3340 | D:5      | Found a glowing drain.
  3359 | Sewer    | Entered a sewer
  3542 | Sewer    | Reached skill level 7 in Unarmed Combat
  3728 | D:5      | Found a staircase to the Ecumenical Temple.
  3760 | D:5      | Reached XP level 8. HP: 79/79 MP: 7/7
  3784 | Temple   | Entered the Ecumenical Temple
  3815 | Temple   | Became a worshipper of Warmaster Okawaru
  3815 | Temple   | Reached * piety under Okawaru
  3815 | Temple   | Reached ** piety under Okawaru
  4301 | D:6      | Reached skill level 8 in Unarmed Combat
  4317 | D:6      | Reached skill level 5 in Dodging
  4764 | D:6      | Reached skill level 5 in Fighting
  4961 | D:6      | Noticed Blork the orc
  4968 | D:6      | Killed Blork the orc
  4968 | D:6      | Reached *** piety under Okawaru
  4968 | D:6      | Reached skill level 9 in Unarmed Combat
  4984 | D:6      | Noticed Eustachio
  4997 | D:6      | Killed Eustachio
  4997 | D:6      | Reached XP level 9. HP: 73/88 MP: 8/8
  5809 | D:7      | Found a shimmering altar of Xom.
  5819 | D:7      | Reached skill level 10 in Unarmed Combat
  5829 | D:7      | HP: 4/89 [killer bee (9)]
  5831 | D:7      | Reached **** piety under Okawaru
  6511 | D:8      | Found a shadowy altar of Dithmenos.
  6588 | D:8      | Found a stormy altar of Qazlal.
  6674 | D:8      | Found a staircase to the Lair.
  6734 | Lair:1   | Entered Level 1 of the Lair of Beasts
  6742 | D:8      | Reached XP level 10. HP: 47/100 MP: 6/9
  6957 | D:8      | Reached skill level 11 in Unarmed Combat
  6966 | D:8      | Reached ***** piety under Okawaru
  6977 | D:8      | HP: 2/100 [blink frog (16)]
  7108 | D:9      | Found a flagged portal.
  7120 | Bailey   | Entered a bailey
  7171 | Bailey   | HP: 6/150 [kobold/tomahawk of returning (2)]
  7823 | D:9      | Noticed a hill giant
  7827 | D:9      | Noticed a brown ugly thing
  7831 | D:9      | Killed a hill giant
  7839 | D:10     | Entered Level 10 of the Dungeon
  7875 | D:10     | HP: 3/102 [yak (16)]
  7880 | D:10     | HP: 4/102 [poisoned by a killer bee]
  7882 | D:10     | Slain by a killer bee

Vault maps used:
D:1:      onia_arrival_zoo_common, minmay_misc_feat_roman
D:2:      gammafunk_temple_overflow_elements, first_bread, fedhas_altar_4
D:3:      minmay_misc_feat_nine_boxes, makhleb_heckhound_becter
D:4:      minmay_door_path, kennysheep_mini_moat, serial_shops, shop_fountains,
          nicolae_shop_window_shopping, shop
D:5:      minmay_diamond_boxcup, portal_sewer_entry_f
D:6:      minmay_small_thing, uniq_blork_the_orc, uniq_eustachio
D:7:      overflow_temple_1_default, serial_bayou_pond_d,
          corexii_item_surrounded_by_moat, minmay_gold_behind_fungi
D:8:      nicolae_dithmenos_shadow_blocks, nicolae_qazlal_general_emergency,
          gammafunk_temple_overflow_statue, lair_0_dummy
D:9:      minmay_curly_fans, enter_bailey_3
D:10:     erik_orc_2, david_nohive_1, nrook_guardian_serpent_double
Temple:   minmay_temple_bridge_abc
Sewer:    sewer_frog_island_02
Bailey:   bailey_axe_4, bailey

Skill      XL: |  1  2  3  4  5  6  7  8  9 10 |
---------------+-------------------------------+-----
Unarmed Combat | 4 5 6 7 9 10 11 | 11.7
Fighting       | 3 4 5 6 7 |  7.1
Dodging        | 3 4 5 6 7 |  7.1
Stealth        | |  1.1

Action                   |  1- 3 |  4- 6 |  7- 9 | 10-12 || total
-------------------------+-------+-------+-------+-------++-------
Melee: Unarmed           |    72 |   219 |   421 |   119 ||   831
       Punch             |       |     5 |    19 |     5 ||    29
Invok: Heroism           |       |       |     2 |     3 ||     5
Evoke: Wand              |       |       |       |     1 ||     1
  Use: Potion            |     1 |       |     1 |     6 ||     8
       Scroll            |       |    10 |     9 |     7 ||    26
 Stab: Sleeping          |     1 |     1 |     4 |       ||     6
       Distracted        |       |       |     1 |     1 ||     2
  Eat: Chunk             |    10 |    23 |     9 |    12 ||    54
       Bread ration      |       |       |     4 |       ||     4
       Beef jerky        |       |       |       |     1 ||     1
Armor: Robe              |    26 |    60 |   122 |    55 ||   263
Dodge: Dodged            |    40 |    99 |   245 |   135 ||   519
